 Dungeon Crawl Stone Soup version 0.31-a0-152-g6aa68a64a1 (webtiles) character file.

Game seed: 3845191646972324536

240 qw the Shooter (level 6, -2/56 HPs)
             Began as a Naga Hunter on June 9, 2023.
             Slain by Pikel
             ... wielding a +2 whip of electrocution
              (8 damage)
             ... on level 4 of the Dungeon.
             The game lasted 00:00:57 (3145 turns).

qw the Shooter (Naga Hunter)                        Turns: 3145, Time: 00:00:57

Health: -2/56      AC:  3    Str: 13    XL:     6   Next: 8%
Magic:  6/6        EV:  9    Int:  9    God:
Gold:   110        SH:  0    Dex: 17    Spells: 5/5 levels left

rFire   . . .        Y - +1 shortbow
rCold   . . .        (shield currently unavailable)
rNeg    . . .        c - +0 leather armour
rPois   +            (no helmet)
rElec   .            (no cloak)
rCorr   .            (no gloves)
SInv    +            (no barding)
Will    .....        (no amulet)
Stlth   ++           (no ring)
HPRegen 0.29/turn    (no ring)
MPRegen 0.10/turn

%: no passive effects
@: short of breath, very slow
A: AC +2, large, see invisible, deformed body, poison resistance, slowness 2,
spit poison 1, naga tail 1
a: Spit Poison


You were on level 4 of the Dungeon.
You visited 1 branch of the dungeon, and saw 4 of its levels.

You collected 110 gold pieces.


Innate Abilities, Weirdness & Mutations

Your serpentine skin is tough. (AC +2)
You have supernaturally acute eyesight. (SInv)
Armour fits poorly on your strangely shaped body.
Your system is resistant to poisons. (rPois)
You cover ground very slowly.
You can spit poison.
You have a snake-like lower body.


   Skills:
 + Level 3.0 Fighting
 - Level 6.1 Ranged Weapons
 - Level 1.5 Dodging
 - Level 1.5 Stealth


You had 5 spell levels left.
You didn't know any spells.
Your spell library was empty.

Inventory:

Hand Weapons
 Y - a +1 shortbow (weapon)
Armour
 c - a +0 leather armour (worn)
Jewellery
 i - a +4 ring of protection
Scrolls
 b - a scroll of identify
Potions
 d - a potion of curing
 e - a potion of magic {unknown}
 f - a potion of cancellation {unknown}
 g - a potion of brilliance {unknown}
 h - a potion of enlightenment {unknown}
 j - a potion of haste {unknown}

Dungeon Overview and Level Annotations

Branches:
Dungeon (4/15)
 Temple: D:4-7

Altars:
Ru

Annotations:
D:4 Pikel


Message History

You shoot an arrow.
The arrow hits Pikel but does no damage.
Pikel is moderately wounded.
Pikel says, "Time is money, and you're costing me too much!"
Pikel hits you with a +2 whip of electrocution.
You shoot an arrow. The arrow misses Pikel.
The arrow hits the lemure.
The lemure is lightly wounded.
You have got your breath back.
Pikel barely misses you.
3139 ||| INVOKING Spit Poison.
Aiming: Spit Poison (1% risk of failure)
Press: ? - help, Shift-Dir - straight line, f/p - Pikel The splash of poison hits Pikel.
Pikel is heavily wounded.
Pikel hits you with a +2 whip of electrocution.
You shoot an arrow. The arrow hits Pikel!
Pikel is severely wounded.
Pikel barely misses you.
You shoot an arrow.
The arrow hits Pikel but does no damage.
Pikel is severely wounded.
Pikel barely misses you.
You shoot an arrow. The arrow hits Pikel.
Pikel is almost dead.
You have got your breath back.
Pikel drinks a potion.
Pikel flickers and vanishes for a moment.
3143 ||| INVOKING Spit Poison.
Aiming: Spit Poison (1% risk of failure)
Press: ? - help, Shift-Dir - straight line, f/p - Pikel The splash of poison misses Pikel.
The splash of poison misses the lemure.
Pikel barely misses you.
You shoot an arrow. The arrow closely misses Pikel.
The arrow hits the lemure but does no damage.
The lemure is lightly wounded.
Pikel hits you with a +2 whip of electrocution!
You shoot an arrow. The arrow closely misses Pikel.
The arrow closely misses the lemure.
Pikel hits you with a +2 whip of electrocution!
You die...

### #.. ###
############.#
...
.............#
#.#
##.####.####.#
+.+ +.K5.#.#
#.# #.#..#.#
##.#+##.#+##.#'
#.#'##.#
.......@K5.....
... ...#
##.#+##.#+##.#+
#.# ##.# #.#
#.# #.# #.# #.#
#.# ... ###


You could see Pikel (invisible) and a lemure.

Vanquished Creatures
  An ogre (D:4)
  A lemure (D:4)
  An iguana (D:4)
  4 adders
  3 worms
  4 dart slugs
  6 orcs (D:3)
  4 ball pythons
  6 bats
  8 endoplasms
  5 giant cockroaches
  4 goblins
  9 hobgoblins
  2 quokkas
  2 frilled lizards
  7 kobolds
  5 rats
72 creatures vanquished.

Notes
Turn   | Place    | Note
-------+----------+-------------------------------------------
     0 | D:1      | qw the Naga Hunter began the quest for the Orb.
     0 | D:1      | Reached XP level 1. HP: 19/19 MP: 1/1
     0 | D:1      | 0 ||| qw: Version: 0.2-a-122-gbc61b45
     0 | D:1      | 0 ||| qw: Game counter: 3362
     0 | D:1      | 0 ||| qw: Always use a shield: true
     0 | D:1      | 0 ||| qw: God list: Okawaru
     0 | D:1      | 0 ||| qw: Allow faded altars: false
     0 | D:1      | 0 ||| qw: Do Orc after D:15 true
     0 | D:1      | 0 ||| qw: Do second Lair branch before Depths: true
     0 | D:1      | 0 ||| qw: Lair rune preference: random
     0 | D:1      | 0 ||| qw: Plans: Normal
     0 | D:1      | 0 ||| PLANNING D:1-11
    32 | D:1      | 32 ||| INVOKING Spit Poison.
    93 | D:1      | 93 ||| INVOKING Spit Poison.
   121 | D:1      | 121 ||| INVOKING Spit Poison.
   152 | D:1      | 152 ||| INVOKING Spit Poison.
   157 | D:1      | Reached skill level 4 in Ranged Weapons
   157 | D:1      | Reached XP level 2. HP: 26/26 MP: 2/2
   350 | D:1      | 350 ||| INVOKING Spit Poison.
   356 | D:1      | 356 ||| INVOKING Spit Poison.
   357 | D:1      | 357 ||| INVOKING Spit Poison.
   376 | D:1      | 376 ||| INVOKING Spit Poison.
   408 | D:1      | 408 ||| INVOKING Spit Poison.
   499 | D:1      | 499 ||| INVOKING Spit Poison.
   520 | D:1      | 520 ||| INVOKING Spit Poison.
   564 | D:1      | 564 ||| INVOKING Spit Poison.
   881 | D:1      | 881 ||| READING scroll labelled FIKKIGE WAAG.
   882 | D:1      | 882 ||| DROPPING scroll of butterflies.
   971 | D:2      | 971 ||| INVOKING Spit Poison.
  1041 | D:2      | 1041 ||| INVOKING Spit Poison.
  1049 | D:2      | 1049 ||| INVOKING Spit Poison.
  1055 | D:2      | 1055 ||| INVOKING Spit Poison.
  1056 | D:2      | Reached XP level 3. HP: 25/32 MP: 3/3
  1089 | D:2      | 1089 ||| INVOKING Spit Poison.
  1178 | D:2      | 1178 ||| INVOKING Spit Poison.
  1245 | D:2      | 1245 ||| INVOKING Spit Poison.
  1259 | D:2      | 1259 ||| INVOKING Spit Poison.
  1276 | D:2      | 1276 ||| FLEEEEING.
  1286 | D:2      | 1286 ||| INVOKING Spit Poison.
  1364 | D:2      | 1364 ||| INVOKING Spit Poison.
  1370 | D:2      | 1370 ||| INVOKING Spit Poison.
  1380 | D:2      | 1380 ||| INVOKING Spit Poison.
  1381 | D:2      | 1381 ||| INVOKING Spit Poison.
  1383 | D:2      | Reached skill level 5 in Ranged Weapons
  1404 | D:2      | 1404 ||| INVOKING Spit Poison.
  1407 | D:2      | Reached XP level 4. HP: 39/39 MP: 4/4
  1893 | D:2      | 1893 ||| INVOKING Spit Poison.
  1899 | D:2      | 1899 ||| INVOKING Spit Poison.
  2193 | D:2      | 2193 ||| READING scroll labelled USTONGOG NIDI.
  2194 | D:2      | 2194 ||| READING 3 scrolls labelled ETITUN TODEDAOLL.
  2195 | D:2      | 2195 ||| READING scroll labelled MUENKA HATUPLI.
  2200 | D:2      | 2200 ||| READING scroll labelled ZENIFO UMEMUI.
  2201 | D:2      | 2201 ||| READING 2 scrolls of identify.
  2201 | D:2      | 2201 ||| IDENTIFYING viscous ruby potion
  2277 | D:3      | 2277 ||| INVOKING Spit Poison.
  2289 | D:3      | 2289 ||| INVOKING Spit Poison.
  2301 | D:3      | 2301 ||| INVOKING Spit Poison.
  2346 | D:3      | 2346 ||| INVOKING Spit Poison.
  2363 | D:3      | 2363 ||| INVOKING Spit Poison.
  2398 | D:3      | 2398 ||| INVOKING Spit Poison.
  2445 | D:3      | Found a sacrificial altar of Ru.
  2471 | D:3      | 2471 ||| INVOKING Spit Poison.
  2499 | D:3      | 2499 ||| INVOKING Spit Poison.
  2602 | D:3      | 2602 ||| INVOKING Spit Poison.
  2604 | D:3      | Reached skill level 3 in Fighting
  2636 | D:3      | 2636 ||| INVOKING Spit Poison.
  2674 | D:3      | 2674 ||| INVOKING Spit Poison.
  2707 | D:3      | 2707 ||| INVOKING Spit Poison.
  2895 | D:3      | 2895 ||| INVOKING Spit Poison.
  2898 | D:3      | 2898 ||| INVOKING Spit Poison.
  2910 | D:3      | 2910 ||| INVOKING Spit Poison.
  2916 | D:3      | 2916 ||| INVOKING Spit Poison.
  2934 | D:3      | 2934 ||| INVOKING Spit Poison.
  2948 | D:3      | 2948 ||| INVOKING Spit Poison.
  2951 | D:3      | 2951 ||| INVOKING Spit Poison.
  2952 | D:3      | 2952 ||| INVOKING Spit Poison.
  2955 | D:3      | 2955 ||| INVOKING Spit Poison.
  2959 | D:3      | Reached XP level 5. HP: 49/49 MP: 5/5
  2998 | D:4      | 2998 ||| INVOKING Spit Poison.
  3005 | D:4      | 3005 ||| INVOKING Spit Poison.
  3052 | D:4      | 3052 ||| INVOKING Spit Poison.
  3091 | D:4      | 3091 ||| INVOKING Spit Poison.
  3094 | D:4      | 3094 ||| INVOKING Spit Poison.
  3100 | D:4      | Noticed an ogre
  3100 | D:4      | Noticed Pikel
  3100 | D:4      | Noticed a lemure
  3100 | D:4      | Noticed a lemure
  3101 | D:4      | 3101 ||| INVOKING Spit Poison.
  3104 | D:4      | 3104 ||| INVOKING Spit Poison.
  3107 | D:4      | Killed a lemure
  3110 | D:4      | 3110 ||| INVOKING Spit Poison.
  3110 | D:4      | HP: 4/49 [ogre/+0 giant club (22)]
  3111 | D:4      | 3111 ||| READING scroll of teleportation.
  3113 | D:4      | 3113 ||| INVOKING Spit Poison.
  3113 | D:4      | Killed an ogre
  3114 | D:4      | Reached skill level 6 in Ranged Weapons
  3114 | D:4      | Reached XP level 6. HP: 6/56 MP: 6/6
  3133 | D:4      | 3133 ||| INVOKING Spit Poison.
  3137 | D:4      | HP: 11/56 [Pikel/+2 whip of electrocution (2)]
  3139 | D:4      | 3139 ||| INVOKING Spit Poison.
  3143 | D:4      | 3143 ||| INVOKING Spit Poison.
  3144 | D:4      | HP: 5/56 [Pikel/+2 whip of electrocution (7)]
  3145 | D:4      | Slain by Pikel

Levels and vault maps discovered:
D:1:      grunt_arrival_crossed_arrows, layout_loops_corners, roderic_lattice_a
D:2:      minmay_inner_zag, layout_basic, hangedman_decor_growths,
          serial_bayou_pond_d, chequers_big_river
D:3:      layout_basic, mainiacjoe_overflow_paths
D:4:      minmay_door_path, layout_loops_corners, minmay_temple_entry_trees,
          uniq_pikel

Skill      XL: |  1  2  3  4  5 |
---------------+----------------+-----
Ranged Weapons | 4 5 6 |  6.1
Fighting       | 3 |  3.0
Dodging        | |  1.5
Stealth        | |  1.5

Action                     |  1- 3 |  4- 6 || total
---------------------------+-------+-------++-------
   Fire: Shortbow          |    70 |    82 ||   152
Ability: Spit Poison       |    24 |    34 ||    58
    Use: Scroll            |     1 |     6 ||     7
 Armour: Leather armour    |    12 |     2 ||    14
  Dodge: Dodged            |    13 |    15 ||    28

Table legend:
 A = Non-vault XP
 B = Vault XP
 C = Vault XP percentage of total XP
 D = Non-vault monster count
 E = Vault monster count
 F = Vault count percentage of total count
                 A         B        C        D         E       F
            +---------+---------+-------+---------+---------+-------
      Total |     218 |     126 |  36.6 |      64 |       7 |   9.9
            +---------+---------+-------+---------+---------+-------
        D:1 |      31 |       0 |   0.0 |      17 |       0 |   0.0
        D:2 |      69 |      10 |  12.7 |      19 |       6 |  24.0
        D:3 |      57 |       0 |   0.0 |      23 |       0 |   0.0
        D:4 |      61 |     116 |  65.5 |       5 |       1 |  16.7
            +---------+---------+-------+---------+---------+-------
